 Dungeon Crawl Stone Soup version 0.29.0-7-g18a832c13a (webtiles) character file.

Game seed: 1095325595648504524

2 GigaChad the Firebug (level 1, -1/18 HPs)
             Began as a Human Cinder Acolyte on Aug 30, 2022.
             Was a High Priest of Ignis.
             Slain by a jackal (2 damage)
             ... on level 1 of the Dungeon.
             The game lasted 00:00:18 (48 turns).

GigaChad the Firebug (Human Cinder Acolyte)           Turns: 48, Time: 00:00:18

Health: -1/18      AC:  2    Str: 14    XL:     1   Next: 44%
Magic:  2/2        EV: 11    Int: 14    God:    Ignis [*****.]
Gold:   0          SH:  0    Dex:  8    Spells: 2/2 levels left

rFire   + . .      SeeInvis .   a - -1 falchion (flame)
rCold   . . .      Faith    .   (no shield)
rNeg    . . .      Spirit   .   b - +0 robe
rPois   .          Reflect  .   (no helmet)
rElec   .          Harm     .   (no cloak)
rCorr   .          Rampage  .   (no gloves)
Will    .....                   (no boots)
Stlth   +.........              (no amulet)
HPRegen 0.06/turn               (no ring)
MPRegen 0.08/turn               (no ring)

@: no status effects
A: no striking features
a: Renounce Religion, Fiery Armour, Foxfire Swarm, Rising Flame


You were on level 1 of the Dungeon.
You worshipped Ignis.
Ignis was extremely pleased with you.
You visited 1 branch of the dungeon, and saw 1 of its levels.

Inventory:

Hand Weapons
 a - a -1 falchion of flaming (weapon)
Armour
 b - a +0 robe (worn)
Scrolls
 c - a scroll of blinking {unknown}


   Skills:
 + Level 3.1 Fighting
 + Level 3.0 Long Blades
 + Level 1.0 Spellcasting
 + Level 3.1 Fire Magic


You had 2 spell levels left.
You didn't know any spells.
Your spell library contained the following spells:

 Spells                   Type           Power      Damage    Failure   Level
 Scorch                   Fire           18%        2d6       11%         2


Dungeon Overview and Level Annotations

Branches:
Dungeon (1/15)

Altars:


Message History

You hit the hobgoblin but do no damage.
The hobgoblin is almost dead.
The jackal barely misses you.
The jackal bites you but does no damage.
The quokka barely misses you. The hobgoblin hits you.
The jackal closely misses you.
The jackal bites you but does no damage.
The quokka bites you but does no damage.
The jackal bites you. The quokka closely misses you.
The hobgoblin closely misses you. The jackal misses you.
You see here 2 ruby potions.
The hobgoblin attacks as you move away! The hobgoblin barely misses you.
You hit the hobgoblin but do no damage.
The hobgoblin is almost dead.
The hobgoblin barely misses you. The hobgoblin hits you.
* * * LOW HITPOINT WARNING * * *
You hit the hobgoblin. You burn the hobgoblin.
You kill the hobgoblin!
The jackal bites you.
* * * LOW HITPOINT WARNING * * *
You barely miss the jackal.
The jackal misses you. x2; The jackal bites you.
* * * LOW HITPOINT WARNING * * *
The jackal bites you but does no damage.
You completely miss the jackal. The jackal barely misses you.
The jackal closely misses you.
You closely miss the jackal. The jackal misses you. The jackal bites you.
* * * LOW HITPOINT WARNING * * *
The jackal closely misses you. x2
You barely miss the jackal. The jackal misses you. The jackal bites you.
* * * LOW HITPOINT WARNING * * *
The jackal closely misses you.
You hit the jackal. You burn the jackal.
You kill the jackal!
The jackal closely misses you.
You hit the quokka. You burn the quokka.
The quokka is heavily wounded.
The jackal bites you.
* * * LOW HITPOINT WARNING * * *
The quokka closely misses you. The jackal bites you.
You die...

########## #.#.###.###
#........####......<...
#.#..##.......#.#.###.###
#........#..........#.#
#..P♣....########.#.#.#
#..P.♣...# #......
#.[..PP..# ###.#.#
###.)....# ..... #.....@#
###. #..##hr# #.# ##l# #.
##B###>##.# . #Jl........
# #.....B.....#
#.#..###.#... ....... ..
# ###.#.). ...


You could see an endoplasm, a quokka, a jackal, a giant cockroach and 2 frilled
lizards.

Vanquished Creatures
  A hobgoblin (D:1)
  A jackal (D:1)
2 creatures vanquished.

Notes
Turn   | Place    | Note
-------+----------+-------------------------------------------
     0 | D:1      | GigaChad the Human Cinder Acolyte began the quest for the
                  | Orb.
     0 | D:1      | Reached XP level 1. HP: 18/18 MP: 2/2
    48 | D:1      | Slain by a jackal

Illustrated notes

Levels and vault maps discovered:
D:1:      roderic_chinese_lattice_arrival, layout_loops_ring,
          dreamdust_ecumenical_altar_statues, serial_park_tiny_2

Action                   || total
-------------------------++-------
Melee: Falchion          ||    14
Armor: Robe              ||     5
Dodge: Dodged            ||    28
